 Dungeon Crawl Stone Soup version 0.30-a0-341-g682706514a (webtiles) character file.

Game seed: 13972349244661507344

586 Archison the Magician (level 7, -1/32 HPs)
             Began as a Spriggan Conjurer on Nov 2, 2022.
             Succumbed to a water moccasin's poison
             ... on level 5 of the Dungeon.
             The game lasted 00:15:12 (4668 turns).

Archison the Magician (Spriggan Conjurer)           Turns: 4668, Time: 00:15:12

Health: -1/32      AC:  2    Str:  2 (3)  XL:     7   Next: 15%
Magic:  9/18       EV: 17    Int: 20 (21) God:
Gold:   241        SH:  0    Dex: 13 (14) Spells: 18/19 levels left

rFire   . . .      SeeInvis +    o - +1 short sword (venom)
rCold   . . .      Faith    .    (no shield)
rNeg    . . .      Spirit   .    a - +0 robe
rPois   .          Reflect  .    (helmet restricted)
rElec   .          Harm     .    (no cloak)
rCorr   .          Rampage  .    (gloves unavailable)
Will    +....                    (boots unavailable)
Stlth   ++........               (no amulet)
HPRegen 0.25/turn                (no ring)
MPRegen 0.16/turn                (no ring)

@: brilliant, lethally poisoned (-1 -> -8), marked, very quick
A: very small, no large weapons, unfitting armour, see invisible, speed 3
a: no special abilities


You were on level 5 of the Dungeon.
You visited 1 branch of the dungeon, and saw 7 of its levels.

You collected 241 gold pieces.

Inventory:

Hand Weapons
 c - a +0 flail
 g - a +0 dagger
 o - a +1 short sword of venom (weapon)
Armour
 a - a +0 robe (worn)
Jewellery
 i - a +4 ring of protection
 j - a ring of protection from fire
 s - a +4 ring of evasion
 u - a +4 ring of protection
Scrolls
 d - a scroll of noise
 f - 3 scrolls of identify {unknown}
 k - 2 scrolls of teleportation {unknown}
 l - 2 scrolls of enchant armour {unknown}
 q - 3 scrolls of amnesia {unknown}
 r - a scroll of fear {unknown}
 t - a scroll of vulnerability {unknown}
Potions
 b - 2 potions of magic
 e - a potion of brilliance
 h - 2 potions of invisibility {unknown}
 m - 3 potions of attraction
 p - a potion of degeneration


   Skills:
 + Level 0.3 Short Blades
 - Level 2.7 Dodging
 + Level 3.3 Stealth
 * Level 6.8 Spellcasting
 * Level 5.1 Conjurations


You had 18 spell levels left.
You knew the following spells:

 Your Spells              Type           Power      Damage    Failure   Level
a - Magic Dart            Conj           100%       1d8       1%          1

Your spell library contained the following spells:

 Spells                   Type           Power      Damage    Failure   Level
 Searing Ray              Conj           82%        2d7       1%          2
 Momentum Strike          Conj/Tloc      50%        3d9       4%          2
 Dazzling Flash           Conj/Hex       50%        N/A       10%         3
 Blink                    Tloc           20%        N/A       14%         2
 Lesser Beckoning         Tloc           20%        N/A       28%         3
 Tukima's Dance           Hex            10%        N/A       28%         3
 Fulminant Prism          Conj/Hex       12%        3d9       32%         4
 Iskenderun's Mystic Bla  Conj/Tloc      25%        2d7       32%         4
 Passage of Golubria      Tloc           10%        N/A       67%         4
 Yara's Violent Unravell  Hex/Tmut       5%         3d4       95%         5


Dungeon Overview and Level Annotations

Branches:
Dungeon (7/15)
 Temple: D:4-7

Altars:
Ru
Uskayaw


Innate Abilities, Weirdness & Mutations

You are very small and have problems with some larger weapons.
You are too small for most types of armour.
You have supernaturally acute eyesight. (SInv)
You cover ground extremely quickly. (Speed+++)


Message History

You are poisoned.
The water moccasin poisons you!
Unknown command.
You hit the water moccasin but do no damage.
The water moccasin is severely wounded.
You feel very sick.
The water moccasin completely misses you.
You hit the water moccasin but do no damage.
The water moccasin is severely wounded.
You feel sick. The water moccasin misses you. x2
You closely miss the water moccasin.
The water moccasin is severely wounded.
You feel sick. The water moccasin bites you!
You are lethally poisoned!
The water moccasin poisons you!
Casting: Magic Dart (safe; 1% risk of failure)
Confirm with . or Enter, or press ? or * to list all spells.
Aiming: Magic Dart (safe; 1% risk of failure)
Press: ? - help, Shift-Dir - straight line, f/p - water moccasin
Aim: a water moccasin (severely wounded, 100% to hit)
The magic dart hits the water moccasin.
The water moccasin is severely wounded.
* * * LOW HITPOINT WARNING * * *
You feel very sick. The water moccasin closely misses you.
The water moccasin completely misses you.
* * * LOW HITPOINT WARNING * * *
You feel very sick.
* * * LOW HITPOINT WARNING * * *
You feel sick.
* * * LOW HITPOINT WARNING * * *
You feel sick.
It was a potion of degeneration.
There was something very wrong with that liquid.
You feel weakened.
You feel dopey.
You feel clumsy.
* * * LOW HITPOINT WARNING * * *
You feel very sick.
It was a potion of brilliance.
You feel clever all of a sudden.
You die...

##### ### #...### ##.#
....... ..#
#...########.#
.............############
..............>.........#
....................##
.##################.# ##
#..S@†..# #.####### #.#
#.# #.# #.# #.# #.# #.#


You could see a water moccasin.

Vanquished Creatures
  A black bear (D:2)
  A phantom (D:4)
  A bullfrog (D:6)
  A scorpion (D:6)
  A vampire bat (D:3)
  A howler monkey (D:5)
  A jelly (D:6)
  An orc priest (D:4)
  Terence (D:2)
  An adder (D:2)
  2 river rats (D:3)
  2 worms (D:3)
  2 dart slugs
  12 orcs
  6 endoplasms
  3 giant cockroaches
  6 goblins
  6 hobgoblins
  7 kobolds
  3 quokkas
  11 ball pythons
  19 bats
  5 frilled lizards
  5 rats
99 creatures vanquished.

Notes
Turn   | Place    | Note
-------+----------+-------------------------------------------
     0 | D:1      | Archison the Spriggan Conjurer began the quest for the Orb.
     0 | D:1      | Reached XP level 1. HP: 9/9 MP: 5/5
   219 | D:1      | Reached XP level 2. HP: 13/13 MP: 2/6
   550 | D:1      | Reached skill level 3 in Spellcasting
   740 | D:1      | Reached XP level 3. HP: 16/16 MP: 4/8
  1677 | D:2      | Noticed a black bear
  1704 | D:2      | Killed a black bear
  1705 | D:2      | Reached skill level 4 in Spellcasting
  1705 | D:2      | Reached XP level 4. HP: 21/21 MP: 1/11
  1883 | D:2      | Reached XP level 5. HP: 24/24 MP: 8/12
  1962 | D:2      | Noticed Terence
  2000 | D:2      | Killed Terence
  3009 | D:3      | Reached skill level 5 in Spellcasting
  3497 | D:3      | Reached XP level 6. HP: 28/28 MP: 4/15
  4106 | D:4      | Reached skill level 6 in Spellcasting
  4165 | D:4      | Found a sacrificial altar of Ru.
  4167 | D:4      | You fall into a shaft and drop 2 floors!
  4342 | D:7      | Noticed a hornet
  4395 | D:7      | Noticed a water moccasin
  4527 | D:6      | Reached skill level 5 in Conjurations
  4527 | D:6      | Reached XP level 7. HP: 32/32 MP: 14/18
  4577 | D:5      | Entered Level 5 of the Dungeon
  4587 | D:5      | Found a hide-covered altar of Uskayaw.
  4667 | D:5      | HP: 1/32 [poisoned by a water moccasin]
  4668 | D:5      | Succumbed to a water moccasin's poison

Illustrated notes

Levels and vault maps discovered:
D:1:      lemuel_arrival_muddy, layout_basic, serial_bayou_pond_d
D:2:      layout_rooms, st_stairs_14, uniq_terence
D:3:      layout_loops_cross, portal_sewer_entry_a, nicolae_hexahallways,
          roderic_batcave, kennysheep_donut, minmay_close_crescents
D:4:      layout_loops_ring, old_standard_altar, temple_fountains
D:5:      layout_basic, ashenzari_altar_1, mainiacjoe_overflow_tiny_flanked
D:6:      nicolae_cairo_tiling, layout_loops_corners, tgw_kikubaaqudgha,
          okawaru_metal_pillars_1_2, fountainhead, uniq_eustachio,
          uniq_blork_the_orc, uniq_sigmund, uniq_maggie
D:7:      layout_rooms, uniq_menkaure

Skill      XL: |  1  2  3  4  5  6 |
---------------+-------------------+-----
Conjurations   | 3 4 5 |  5.1
Spellcasting   | 3 4 5 6 |  6.8
Short Blades   | |  0.3
Dodging        | |  2.7
Stealth        | |  3.3

Action                   |  1- 3 |  4- 6 |  7- 9 || total
-------------------------+-------+-------+-------++-------
Melee: Short sword       |       |    29 |     3 ||    32
       Punch             |       |     1 |       ||     1
Throw: Throwing net      |       |     4 |     1 ||     5
 Cast: Magic Dart        |    89 |   158 |    15 ||   262
  Use: Scroll            |     2 |     2 |       ||     4
       Potion            |       |     2 |     2 ||     4
Armor: Robe              |       |     4 |       ||     4
Dodge: Dodged            |     6 |    60 |     9 ||    75

Table legend: (Time is in decaauts)
 A = Elapsed time spent in this place.
 B = Non-inter-level travel time spent in this place.
 C = Inter-level travel time spent in this place.
 D = Time resting spent in this place.
 E = Time spent auto-exploring this place.
 F = Levels seen in this place.
 G = Mean time per level.
                   A        B        C        D        E       F      G
               +--------+--------+--------+--------+--------+-----+--------+
         Total |   3713 |   3664 |     49 |    684 |   2226 |   7 |  530.4 |
       Dungeon |   3713 |   3664 |     49 |    684 |   2226 |   7 |  530.4 |
               +--------+--------+--------+--------+--------+-----+--------+

Top non-repeatable levels by time:
     D:3: 1121 daAuts
     D:2: 1113 daAuts
     D:1: 875 daAuts
     D:4: 250 daAuts
     D:6: 214 daAuts
     D:7: 74 daAuts
     D:5: 62 daAuts
